 Dungeon Crawl Stone Soup version bcrawl-1.12-5-g74a5124548 (webtiles) character file.

Game seed: 4770281024799962616

6989 Arkanax the Fighter (level 11, -2/106 HPs)
             Began as a Hill Orc Archaeologist on June 1, 2019.
             Was a Believer of Uskayaw.
             Slain by an orc warrior
             ... wielding a +0 war axe
              (25 damage)
             ... in a bailey.
             The game lasted 00:13:54 (7681 turns).

Arkanax the Fighter (Hill Orc Archaeologist)        Turns: 7681, Time: 00:13:54

Health: -2/106     AC: 14    Str: 18    XL:     11   Next: 8%
Magic:  11/11      EV: 12    Int: 16    God:    Uskayaw [**....]
Gold:   315        SH:  0    Dex:  9    Spells: 10/10 levels left

rFire    . . .     SeeInvis +   x - +2 hand axe (venom)
rCold    . . .     Gourm    +   (no shield)
rNeg     . . .     Faith    .   L - +0 troll leather armour {Purgy}
rPois    .         Spirit   .   f - +3 crown of Dyrovepreva {rElec Int+2 SInv}
rElec    +         Reflect  .   C - +0 cloak
rCorr    .         Harm     .   d - +1 pair of gloves
MR       +....                  c - +1 pair of boots
Stlth    +++.......             D - amulet of the gourmand
HPRegen  0.67/turn              h - ring of protection from magic
MPRegen  0.12/turn              H - ring of stealth

@: no status effects
A: no striking features
a: Stomp, Line Pass, Renounce Religion


You were in a bailey.
You worshipped Uskayaw.
Uskayaw was noncommittal.
You were very full.

You visited 1 branch of the dungeon, and saw 9 of its levels.
You also visited: Sewer and Bailey.

You collected 519 gold pieces.
You spent 204 gold pieces at shops.

Inventory:

Hand Weapons
 j - a cursed -2 scimitar
 s - a +0 short sword
 u - a +0 spear
 x - a +2 hand axe of venom (weapon)
Armour
 a - a +1 robe
 b - a +1 hat
 c - a +1 pair of boots (worn)
 d - a +1 pair of gloves (worn)
 f - the +3 crown of Dyrovepreva (worn) {rElec Int+2 SInv}

   It affects your intelligence (+2).
   It insulates you from electricity.
   It lets you see invisible.
 C - a +0 cloak (worn)
 G - a +0 chain mail
 L - a +0 troll leather armour (worn) {Purgy}
Jewellery
 e - an uncursed ring of wizardry {unknown}
 h - a ring of protection from magic (left hand)
 y - a +4 ring of intelligence
 D - an amulet of the gourmand (around neck)
 H - a ring of stealth (right hand)
Wands
 l - a wand of polymorph (2)
 I - a wand of digging (18)
 N - a wand of random effects (16)
 O - a wand of clouds (6)
 Q - a wand of iceblast (6)
 S - a wand of paralysis (19)
Scrolls
 i - 2 scrolls of magic mapping
 k - 2 scrolls of amnesia {unknown}
 m - 4 scrolls of remove curse
 o - 2 scrolls of enchant armour {unknown}
 p - 7 scrolls of teleportation
 t - 6 scrolls of fog {unknown}
 B - a scroll of noise {unknown}
 F - a scroll of enchant weapon {unknown}
 K - 4 scrolls of blinking {unknown}
 R - 2 scrolls of acquirement {unknown}
 T - 3 scrolls of identify
Potions
 n - 3 potions of mutation
 q - 2 potions of agility
 r - 3 potions of curing
 v - 4 potions of haste
 w - 3 potions of might
 z - a potion of heal wounds
 A - a potion of ambrosia
 E - a potion of resistance
 J - 3 potions of magic
 M - a potion of lignification
 P - a potion of flight
 U - a potion of invisibility {unknown}
Comestibles
 g - 10 rations {!d}


   Skills:
 + Level 12.9 Fighting
   Level 12.9 Short Blades
   Level 12.9 Long Blades
   Level 12.9 Axes
   Level 12.9 Maces & Flails
   Level 12.9 Polearms
   Level 12.9 Staves
 - Level 8.0 Armour
 - Level 2.4 Dodging
 - Level 2.6 Stealth
   Level 12.9 Unarmed Combat


You had 10 spell levels left.
You didn't know any spells.
Your spell library contained the following spells:

 Spells                   Type           Power        Failure   Level  Hunger
 Corona                   Hex            #......      28%         1    ##.....
 Ensorcelled Hibernation  Hex/Ice        #.....       41%         2    ###....
 Confuse                  Hex            #.......     65%         3    ####...
 Dazzling Spray           Conj/Hex       #.....       65%         3    ####...
 Tukima's Dance           Hex            #.......     65%         3    ####...


Dungeon Overview and Level Annotations

Branches:
Dungeon (9/12)             Temple (0/1) D:6
   Lair: D:7-10         Orc: D:8-11

Altars:
Ashenzari
Elyvilon
Fedhas
Makhleb
Okawaru
Qazlal
Ru
Sif Muna
Trog
Uskayaw
Wu Jian
Zin

Shops:
D:4 *   D:6 *?[*   D:8 !

Annotations:
D:3 2 transporters, NoiZ's ghost, amateur MiFi


Message History

The orc warrior hits you with a +0 war axe!
* * * LOW HITPOINT WARNING * * *
You closely miss the orc warrior.
The orc warrior is lightly wounded.
You hit the orc knight but do no damage.
The orc knight is poisoned.
You hit the orc knight.
The orc knight is lightly wounded.
You hit the orc warrior.
The orc warrior looks as sick as possible!
The orc knight hits you with a +0 battleaxe!
* * * LOW HITPOINT WARNING * * *
The orc warrior hits you with a +0 war axe!
* * * LOW HITPOINT WARNING * * *
You feel much better. The orc knight barely misses you.
Your troll leather armour prevents you from hitting the orc knight.
The orc knight is lightly wounded.
You hit the orc warrior but do no damage.
The orc warrior hits you with a +0 war axe!!
You die...

??∩!!# !...!!
......# .......
....... ..⌠..go
#######
.....oo##.....##
.....oo@.......#
.....g##.......##
..... #.........#
88.8
##.........## ##+
#.....⌠.....#
##.........#
#.........#
##.....).##
#..))...#


You could see an orc knight, 2 orc warriors, 2 orcs, a hobgoblin and a goblin.

Vanquished Creatures
  2 two-headed ogres (D:8)
  A cyclops (D:8)
  Pikel (D:7)
  Joseph (D:7)
  A cane toad (shapeshifter) (D:8)
  A hippogriff (D:8)
  Sigmund (D:6)
  4 yaks (D:8)
  A wyvern (D:8)
  2 hungry ghosts
  4 orc warriors
  Purgy (Sewer)
  3 sky beasts
  3 slaves (D:7)
  An ice beast (D:7)
  A necrophage (D:7)
  An ogre (D:7)
  2 centaurs (D:8)
  4 bullfrogs
  2 scorpions (D:4)
  A wight (D:9)
  A howler monkey (D:5)
  2 crimson imps (D:7)
  A bullfrog zombie (D:5)
  A quasit (D:8)
  4 orc priests
  7 hounds
  A jelly (D:7)
  3 bullfrog skeletons
  3 orc wizards
  Jessica (D:3)
  3 iguanas
  8 worker ants
  A killer bee zombie (D:7)
  7 gnolls
  9 adders
  An adder zombie (D:3)
  3 adder skeletons
  3 worms (D:2)
  A dart slug (D:2)
  5 leopard geckos
  25 orcs
  4 ball pythons
  6 giant cockroaches
  12 goblins
  15 hobgoblins
  10 jackals
  4 kobolds
  6 quokkas
  8 bats
  8 frilled lizards
  A jackal skeleton (D:6)
  A leopard gecko skeleton (D:5)
  2 quokka skeletons (D:4)
  8 rats
213 creatures vanquished.

Vanquished Creatures (others)
  A slave (D:7)
  An orc wizard (D:5)
2 creatures vanquished.

Grand Total: 215 creatures vanquished

Notes
Turn   | Place    | Note
-------+----------+-------------------------------------------
     0 | D:1      | Arkanax the Hill Orc Archaeologist began the quest for the
                  | Orb.
     0 | D:1      | Reached XP level 1. HP: 15/15 MP: 1/1
    31 | D:1      | Reached skill level 1 in Fighting
   268 | D:1      | Reached XP level 2. HP: 16/23 MP: 2/2
   720 | D:2      | Reached skill level 2 in Fighting
   792 | D:2      | Found a blossoming altar of Fedhas.
   836 | D:2      | Reached XP level 3. HP: 22/29 MP: 3/3
  1214 | D:2      | Reached skill level 3 in Fighting
  1214 | D:2      | Reached XP level 4. HP: 32/38 MP: 4/4
  1484 | D:3      | Found a glowing silver altar of Zin.
  1626 | D:3      | Reached skill level 4 in Fighting
  1626 | D:3      | Reached XP level 5. HP: 21/46 MP: 5/5
  2007 | D:3      | Found a shattered altar of Ashenzari.
  2011 | D:3      | Saw a vision of the Shoals and the Snake Pit.
  2011 | D:3      | Noticed a hippogriff
  2011 | D:3      | Noticed a merfolk
  2011 | D:3      | Noticed a merfolk
  2011 | D:3      | Noticed a merfolk
  2011 | D:3      | Noticed a merfolk
  2011 | D:3      | Noticed a merfolk
  2011 | D:3      | Noticed a centaur
  2011 | D:3      | Noticed a black mamba
  2011 | D:3      | Noticed a naga sharpshooter
  2011 | D:3      | Noticed a salamander
  2011 | D:3      | Noticed a naga mage
  2011 | D:3      | Noticed a naga mage
  2012 | D:3      | Noticed a merfolk
  2012 | D:3      | Noticed a shock serpent
  2012 | D:3      | Noticed a black mamba
  2013 | D:3      | Noticed a centaur
  2104 | D:3      | Found a transporter.
  2104 | D:3      | Found a transporter.
  2104 | D:3      | Noticed NoiZ's ghost (amateur MiFi)
  2105 | D:3      | Noticed an ogre
  2167 | D:3      | Noticed Jessica
  2274 | D:3      | Killed Jessica
  2280 | D:3      | Found a deep blue altar of Sif Muna.
  2428 | D:4      | Noticed a +0 hand axe
  2430 | D:4      | Noticed a +0 hand axe
  2432 | D:4      | Found a hide-covered altar of Uskayaw.
  2442 | D:4      | Became a worshipper of Uskayaw the Reveler
  2457 | D:4      | Noticed a sky beast
  2461 | D:4      | Reached * piety under Uskayaw
  2465 | D:4      | Reached XP level 6. HP: 32/55 MP: 6/6
  2466 | D:4      | Reached ** piety under Uskayaw
  2474 | D:4      | Killed a sky beast
  2474 | D:4      | Reached skill level 5 in Fighting
  2474 | D:4      | Reached *** piety under Uskayaw
  2674 | D:4      | Reached XP level 7. HP: 40/62 MP: 7/7
  2690 | D:4      | Reached skill level 6 in Fighting
  2931 | D:4      | Found Raasab's Assorted Antiques.
  3266 | D:4      | Reached skill level 1 in Armour
  3441 | D:5      | Entered Level 5 of the Dungeon
  3503 | D:5      | Reached **** piety under Uskayaw
  3508 | D:5      | Reached skill level 7 in Fighting
  3612 | D:5      | Found a glowing drain.
  3621 | Sewer    | Entered a sewer
  3748 | Sewer    | Noticed Purgy
  3776 | Sewer    | Killed Purgy
  3776 | Sewer    | Reached XP level 8. HP: 60/73 MP: 8/8
  4342 | D:5      | Reached skill level 5 in Armour
  4428 | D:5      | Found a stormy altar of Qazlal.
  4431 | D:5      | Noticed a water elemental
  4431 | D:5      | Noticed an air elemental
  4663 | D:6      | Found Tiepohoss's Armour Shoppe.
  4688 | D:6      | Found a staircase to the Ecumenical Temple.
  4754 | D:6      | Found Ylerhasa's General Store.
  4762 | D:6      | Bought a scroll of identify for 28 gold pieces
  4762 | D:6      | Bought a scroll of teleportation for 42 gold pieces
  4814 | D:6      | Noticed Sigmund
  4821 | D:6      | Killed Sigmund
  4821 | D:6      | Reached skill level 8 in Fighting
  5041 | D:6      | Found a shattered altar of Ashenzari.
  5092 | D:6      | Found Mamneure's General Store.
  5100 | D:6      | Bought a scroll of identify for 30 gold pieces
  5100 | D:6      | Bought a scroll of identify for 30 gold pieces
  5100 | D:6      | Bought a scroll of identify for 30 gold pieces
  5150 | D:6      | Found Kuadyimy's Magic Scroll Shoppe.
  5158 | D:6      | Bought a scroll of identify for 22 gold pieces
  5158 | D:6      | Bought a scroll of identify for 22 gold pieces
  5175 | D:6      | Found an iron altar of Okawaru.
  5416 | D:6      | Found a white marble altar of Elyvilon.
  5469 | D:7      | Noticed Pikel
  5488 | D:7      | Killed Pikel
  5488 | D:7      | Reached skill level 9 in Fighting
  5488 | D:7      | Reached XP level 9. HP: 34/83 MP: 9/9
  5639 | D:7      | Noticed Joseph
  5646 | D:7      | Paralysed by Joseph for 2 turns
  5662 | D:7      | Killed Joseph
  5666 | D:7      | Reached skill level 10 in Fighting
  5690 | D:7      | Found a sacrificial altar of Ru.
  6334 | D:8      | Reached XP level 10. HP: 94/94 MP: 10/10
  6346 | D:8      | Found a bloodstained altar of Trog.
  6407 | D:8      | Noticed a cyclops
  6421 | D:8      | Killed a cyclops
  6421 | D:8      | Reached skill level 11 in Fighting
  6483 | D:8      | Noticed a two-headed ogre
  6497 | D:8      | Killed a two-headed ogre
  6628 | D:8      | Found Asuubu's Distillery.
  6628 | D:8      | Noticed a two-headed ogre
  6639 | D:8      | Killed a two-headed ogre
  6669 | D:8      | Reached skill level 12 in Fighting
  6868 | D:8      | Found an ornate altar of the Wu Jian Council.
  6969 | D:8      | Noticed a cane toad
  6980 | D:8      | Reached ***** piety under Uskayaw
  6988 | D:8      | Killed a cane toad
  6988 | D:8      | Reached XP level 11. HP: 55/105 MP: 11/11
  7191 | D:8      | Found a burning altar of Makhleb.
  7436 | D:9      | Found a flagged portal.
  7459 | Bailey   | Entered a bailey
  7666 | Bailey   | Noticed an orc knight
  7679 | Bailey   | HP: 3/106 [orc warrior/+0 war axe (15)]
  7681 | Bailey   | Slain by an orc warrior

Skill      XL: |  1  2  3  4  5  6  7  8  9 10 |
---------------+-------------------------------+-----
Fighting       | 1 2 3 4 5 7 9 10 12 | 12.9
Armour         | 3 7 8 |  8.0
Short Blades   | | 12.9
Long Blades    | | 12.9
Axes           | | 12.9
Maces & Flails | | 12.9
Polearms       | | 12.9
Staves         | | 12.9
Dodging        | |  2.4
Stealth        | |  2.6
Unarmed Combat | | 12.9

Action                   |  1- 3 |  4- 6 |  7- 9 | 10-12 || total
-------------------------+-------+-------+-------+-------++-------
Melee: Unarmed           |   108 |       |       |       ||   108
       Punch             |     2 |     1 |     8 |    11 ||    22
       Short sword       |    86 |     1 |       |       ||    87
       Spear             |       |   110 |       |       ||   110
       Hand axe          |       |    67 |   349 |   174 ||   590
  Use: Scroll            |       |     5 |     9 |       ||    14
       Potion            |       |       |     2 |     2 ||     4
 Stab: Sleeping          |     4 |     3 |     1 |     4 ||    12
       Paralysed         |       |       |     7 |    17 ||    24
       Distracted        |       |       |     1 |       ||     1
  Eat: Chunk             |     1 |     3 |    15 |    11 ||    30
       Ration            |       |     1 |     1 |       ||     2
Armor: Robe              |    73 |    62 |     2 |       ||   137
       Chain mail        |       |       |    73 |       ||    73
       Troll leather arm |       |       |    84 |    47 ||   131
Dodge: Dodged            |   144 |   115 |   164 |    86 ||   509
